 Dungeon Crawl Stone Soup version 0.17-a0-2217-ga280b8d (webtiles) character file.

779 Clownie the Covert (level 7, -4/45 HPs)
             Began as an Octopode Assassin on Oct 28, 2015.
             Splashed by a jelly's acid (10 damage)
             ... on level 5 of the Dungeon.
             The game lasted 00:05:40 (3810 turns).

Clownie the Covert (Octopode Assassin)              Turns: 3810, Time: 00:05:42

Health: -4/45      AC: -11   Str: 11    XL:     7   Next: 85%
Magic:  20/20      EV: 12    Int: 13    God:
Gold:   260        SH:  0    Dex: 15    Spells: 0 memorised, 6 levels left

rFire  . . .     SeeInvis .     a - +2 dagger
rCold  . . .     Clarity  .     (no shield)
rNeg   . . .     SustAt   .     (helmet restricted)
rPois  .         Gourm    +     m - amulet of the gourmand
rElec  .         Spirit   .     s - ring of magical power
rCorr  .         Warding  .     (no ring)
rMut   .         Stasis   .     (no ring)
MR     .....                    (no ring)
Stlth  ++++++....               (no ring)
                                (no ring)
                                (no ring)
                                (no ring)

@: corroded equipment, not resistant to hostile enchantments, very stealthy
A: almost no armour, amphibious, 8 rings, constrict 8, camouflage 1, gelatinous
body 1
a: no special abilities


You were on level 5 of the Dungeon.
You were full.

You visited 1 branch of the dungeon, and saw 5 of its levels.

You collected 260 gold pieces.

Inventory:

Hand Weapons
 a - a +2 dagger (weapon)
 b - a +0 blowgun
Missiles
 c - 6 poisoned needles
 d - 2 curare-tipped needles
 u - a throwing net (quivered)
Jewellery
 m - an amulet of the gourmand (around mantle)
 s - a ring of magical power (left tentacle)
Wands
 w - a wand of draining (8)
Scrolls
 h - a scroll of enchant weapon {unknown}
 i - a scroll of magic mapping {unknown}
 j - 3 scrolls of remove curse
 k - a scroll of enchant armour {unknown}
 l - a scroll of amnesia
 n - 2 scrolls of fear {unknown}
 r - a scroll of teleportation {unknown}
 t - a scroll of recharging {unknown}
 y - a scroll of identify {unknown}
Potions
 f - 2 potions of flight {unknown}
 g - 3 potions of haste {unknown}
 o - 2 potions of brilliance {unknown}
 p - a potion of degeneration {unknown}
 q - 3 potions of curing {unknown}
 x - a potion of cancellation {unknown}
Comestibles
 e - 6 bread rations
 v - a meat ration


   Skills:
 - Level 2.0 Fighting
 - Level 2.0 Short Blades
 - Level 2.0 Throwing
 - Level 1.0 Dodging
 - Level 10.3 Stealth
 + Level 6.0 Evocations


You had 6 spell levels left.
You didn't know any spells.

Dungeon Overview and Level Annotations

Branches:
Dungeon (5/15)
 Temple: D:4-7

Altars:
Cheibriados
Ru
Trog
Yredelemnul
Zin
The Shining One


Innate Abilities, Weirdness & Mutations

You cannot wear most types of armour.
You are amphibious.
You can wear up to eight rings at the same time.
You can use your tentacles to constrict eight enemies at once.
Your skin changes colour to match your surroundings (Stealth).
Your rubbery body absorbs attacks (AC +1).


Message History

You hit the jelly but do no damage.
Your tentacles burn!
The jelly closely misses you.
You hit the jelly.
Your tentacles burn!
The jelly is lightly wounded.
You hit the jelly. The acid corrodes you!
Your tentacles burn!
The jelly is moderately wounded.
The jelly barely misses you.
You hit the jelly.
Your tentacles burn!
* * * LOW HITPOINT WARNING * * *
The jelly is moderately wounded.
The jelly completely misses you.
You are too injured to fight recklessly!
You are too injured to fight recklessly!
You hit the jelly but do no damage.
Your tentacles burn!
* * * LOW HITPOINT WARNING * * *
The jelly is moderately wounded.
The jelly hits you.
* * * LOW HITPOINT WARNING * * *
You are splashed with acid!
The acid corrodes you!
The acid burns!
You die...

# .# ###### #.
.....###### .
..........#### .#
...[.........#####.##
.......#........#...#
...8######......@)#
#.### ###....J)...#
...# ##......#.# ._.#
###..#.# # ...#
####... #### ..#/
############## ## .
.#...........
.#..<..#>.##..


You could see a jelly.

Vanquished Creatures
  Sigmund (D:4)
  Menkaure (D:4)
  A scorpion (D:4)
  A hound (D:4)
  Ijyb (D:2)
  An orc wizard (D:5)
  An orc priest (D:3)
  Jessica (D:2)
  Natasha (thrice) (D:2)
  4 worker ants
  8 adders
  An ooze (D:2)
  2 worms
  6 giant geckos
  12 orcs
  8 bats
  7 goblins
  7 hobgoblins
  3 jackals (D:4)
  15 kobolds
  5 quokkas
  3 ball pythons
  4 giant cockroaches
  A giant newt (D:2)
  11 rats
108 creatures vanquished.

Notes
Turn   | Place    | Note
--------------------------------------------------------------
     0 | D:1      | Clownie the Octopode Assassin began the quest for the Orb.
     0 | D:1      | Reached XP level 1. HP: 14/14 MP: 1/1
   367 | D:1      | Reached XP level 2. HP: 19/19 MP: 2/2
   370 | D:1      | Reached skill level 6 in Stealth
   757 | D:1      | Reached XP level 3. HP: 24/24 MP: 3/3
   894 | D:2      | Reached skill level 7 in Stealth
  1077 | D:2      | Found a bloodstained altar of Trog.
  1108 | D:2      | Noticed Jessica
  1109 | D:2      | Killed Jessica
  1109 | D:2      | Reached XP level 4. HP: 29/29 MP: 4/4
  1190 | D:2      | Reached skill level 8 in Stealth
  1239 | D:2      | Noticed Natasha
  1251 | D:2      | Killed Natasha
  1312 | D:2      | Noticed Ijyb
  1315 | D:2      | Killed Ijyb
  1315 | D:2      | Reached XP level 5. HP: 30/34 MP: 5/5
  1332 | D:2      | Noticed Natasha
  1335 | D:2      | Killed Natasha
  1335 | D:2      | Reached skill level 9 in Stealth
  1778 | D:2      | Noticed Natasha
  1786 | D:2      | Killed Natasha
  2131 | D:3      | Reached XP level 6. HP: 39/39 MP: 6/6
  2193 | D:3      | Reached skill level 10 in Stealth
  2405 | D:3      | Found a glowing silver altar of Zin.
  2673 | D:4      | Reached skill level 1 in Evocations
  2685 | D:4      | Noticed Sigmund
  2690 | D:4      | Killed Sigmund
  2690 | D:4      | Reached XP level 7. HP: 45/45 MP: 9/9
  3156 | D:4      | Noticed Menkaure
  3159 | D:4      | Killed Menkaure
  3159 | D:4      | Reached skill level 5 in Evocations
  3393 | D:4      | Found a sacrificial altar of Ru.
  3398 | D:4      | Found a snail-covered altar of Cheibriados.
  3411 | D:4      | Found a basalt altar of Yredelemnul.
  3710 | D:5      | Entered Level 5 of the Dungeon
  3770 | D:5      | Found a glowing golden altar of the Shining One.
  3810 | D:5      | Splashed by a jelly's acid

Vault maps used:
D:1:      wheals_arrival_linesprint, hex_tiny, minmay_misc_feat_rows,
          minmay_misc_feat_square
D:2:      lightli_temple_of_fire, minmay_misc_feat_alley, uniq_jessica,
          uniq_natasha, uniq_iyjb
D:3:      zin_treasury, grunt_decor_arrowhead
D:4:      minmay_overflow_temple_star_quad, grunt_ministairs_11,
          hangedman_decor_diamond_cutter, uniq_menkaure, uniq_sigmund
D:5:      lemuel_doored_altar, nicolae_tso_carved_into_rock,
          minmay_temple_entry_junction2, first_bread

Action                   |  1- 3 |  4- 6 |  7- 9 || total
-------------------------+-------+-------+-------++-------
Melee: Dagger            |    54 |    87 |    60 ||   201
 Fire: Blowgun           |     2 |       |       ||     2
  Use: Scroll            |       |     3 |       ||     3
 Stab: Sleeping          |    17 |    32 |     6 ||    55
  Eat: Chunk             |     4 |    14 |       ||    18
